AoeStats
← tomi93339

Oasis

510177445Analyzed
2v2 RM · 3d ago on Sep 29, 2026· 62m 27s· 4 players
Game mode
Random Map
Map size
Medium (4 player)
Population
200
Speed
Normal
Resources
Standard
Victory
Conquest
Starting age
Dark Age
Ending age
Imperial Age
RankedLock teamsTeams togetherTeam positionsShared explorationLock speedFull tech treeHidden civsTurbo modeCheats
Victory
Defeat
🇦🇷 Mongols · Argentina
1134
+14
🇦🇷 Varangians · Argentina
1115
+15
🇺🇸 Franks · United States
1107
-15
🇺🇸 Mongols · United States
1089
-14
The Lightning 11
9:50 Feudal Age
13:48 Forging
20:05 Castle Age
19:26 Loom
19:53 Scale Barding Armor
20:00 Gold Mining
19:57 Double-Bit Axe
19:56 Horse Collar
21:07 Bloodlines
30:58 Scale Mail Armor
31:34 Iron Casting
31:56 Pikeman
35:14 Fletching
36:18 Bodkin Arrow
37:44 Padded Archer Armor
38:47 Ballistics
38:50 Light Cavalry
39:33 Husbandry
41:09 Coinage
43:18 Imperial Age
42:57 Bow Saw
43:23 Caravan
44:12 Bracer
44:46 Leather Archer Armor
45:35 Chemistry
45:02 Capped Ram
47:36 Conscription
46:59 Elite Mangudai
50:31 Conscription
52:00 Siege Ram
57:59 Blast Furnace
58:04 Thumb Ring
58:26 Parthian Tactics
57:23 Elite Skirmisher
62:05 Hussar
TailoredLynx280
10:10 Loom
12:09 Feudal Age
20:11 Castle Age
24:50 Double-Bit Axe
26:39 Wheelbarrow
29:22 Elite Skirmisher
31:19 Fletching
31:30 Padded Archer Armor
34:27 Pikeman
36:52 Scale Mail Armor
38:47 Forging
38:53 Chain Mail Armor
42:03 Imperial Age
39:51 Hand Cart
40:23 Gold Mining
41:08 Scale Barding Armor
41:41 Iron Casting
41:43 Bow Saw
42:17 Elite Throwing Axeman
43:36 Plate Mail Armor
44:07 Blast Furnace
43:28 Chain Barding Armor
44:37 Chemistry
44:02 Halberdier
48:35 Ballistics
tomi93339
6:18 Loom
6:31 Loom
9:47 Feudal Age
15:01 Castle Age
14:06 Double-Bit Axe
14:03 Horse Collar
16:48 Bow Saw
19:20 Heavy Plow
22:31 Husbandry
28:03 Pikeman
35:19 Imperial Age
35:36 Fletching
35:46 Padded Archer Armor
36:01 Cranequins
36:01 Heavy Mounted Crossbowman
36:40 Bodkin Arrow
38:29 Two-Man Saw
38:02 Crop Rotation
39:18 Wheelbarrow
38:28 Town Watch
40:16 Conscription
40:33 Gold Mining
40:34 Stone Mining
41:25 Ballistics
42:02 Bracer
42:21 Leather Archer Armor
44:08 Chemistry
44:13 Ring Archer Armor
47:03 Guard Tower
59:22 Hand Cart
59:08 Town Patrol
60:58 Elite Skirmisher
Drakath6696
6:34 Loom
8:38 Feudal Age
9:45 Double-Bit Axe
19:15 Castle Age
19:40 Horse Collar
21:09 Bow Saw
25:38 Husbandry
28:06 Wheelbarrow
28:38 Gold Mining
29:28 Forging
30:15 Scale Barding Armor
32:42 Town Watch
33:13 Hand Cart
33:24 Heavy Plow
34:02 Iron Casting
39:32 Imperial Age
38:02 Chain Barding Armor
37:33 Fletching
38:28 Stone Mining
39:03 Padded Archer Armor
39:17 Bloodlines
39:17 Thumb Ring
39:30 Thumb Ring
40:16 Gold Shaft Mining
39:16 Light Cavalry
40:04 Bodkin Arrow
41:17 Chemistry
40:38 Ballistics
40:20 Hussar
44:03 Blast Furnace
45:09 Ballistics
45:15 Conscription
46:34 Bracer
46:44 Elite Mangudai
51:51 Leather Archer Armor
Connection lost

Rejoining the realm…

Still unreachable

The connection could not be restored.

Session expired

The server has moved on; the page needs a fresh start.